 Dungeon Crawl Stone Soup version 0.26.0-18-gc5c842f807 (webtiles) character file.

Game seed: 1258735001846791213

4916 Kejsarherre the Basher (level 10, -18/106 HPs)
             Began as an Ogre Chaos Knight on Jan 23, 2021.
             Was a Plaything of Xom.
             Demolished by an orc warrior
             ... wielding a +0 war axe
              (28 damage)
             ... in a bailey.
             The game lasted 00:25:40 (11155 turns).

Kejsarherre the Basher (Ogre Chaos Knight)         Turns: 11155, Time: 00:25:41

Health: -18/106    AC:  5    Str: 20    XL:     10   Next: 51%
Magic:  13/13      EV: 10    Int: 15    God:    Xom [.*....]
Gold:   325        SH:  0    Dex: 11    Spells: 11/13 levels left

rFire    + + .     SeeInvis +   r - +1 giant spiked club (spect)
rCold    . . .     Faith    .   (shield currently unavailable)
rNeg     . . .     Spirit   .   b - +2 robe
rPois    .         Reflect  .   (helmet restricted)
rElec    .         Harm     .   A - scarf {shadows}
rCorr    .         Rampage  .   (gloves unavailable)
Will     +....     Clarity  +   (boots unavailable)
Stlth    +.........             (no amulet)
HPRegen  0.27/turn              o - ring of protection from fire
MPRegen  0.13/turn              s - ring of protection from fire

@: no status effects
A: large, unfitting armour, hooves 1, see invisible, agile 1, clarity,
deterioration 1, strong 1, tough skin 1
a: Renounce Religion


You were in a bailey.
You worshipped Xom.
You were a plaything of Xom.
You visited 1 branch of the dungeon, and saw 9 of its levels.
You also visited: Sewer and Bailey.

You collected 325 gold pieces.

Inventory:

Hand Weapons
 a - a +0 mace of chaos
 q - a +0 giant club
 r - a +1 spectral giant spiked club (weapon)
Missiles
 m - 27 boomerangs (quivered)
 y - 8 atropa-tipped darts
Armour
 b - a +2 robe (worn)
 A - a scarf of shadows (worn)
Magical Staves
 i - an uncursed staff of conjuration
Jewellery
 h - an uncursed ring of wizardry
 o - a ring of protection from fire (left hand)
 s - a ring of protection from fire (right hand)
Wands
 w - a wand of acid (1)
 z - a wand of random effects (21)
 D - a wand of iceblast (5)
Scrolls
 c - a scroll of enchant armour
 d - 3 scrolls of blinking
 e - 2 scrolls of immolation
 f - 3 scrolls of fog
 g - 4 scrolls of remove curse
 l - 5 scrolls of teleportation
 v - 2 scrolls of noise
Potions
 j - a potion of mutation
 k - 2 potions of flight
 p - a potion of ambrosia
 t - 2 potions of cancellation
 u - a potion of curing
 x - a potion of brilliance
 B - a potion of haste
 C - a potion of berserk rage {unknown}


   Skills:
 - Level 8.6 Fighting
 + Level 11.5 Maces & Flails
 - Level 2.1 Dodging
 - Level 2.3 Spellcasting
 - Level 5.0 Evocations


You had 11 spell levels left.
You knew the following spells:

 Your Spells              Type           Power        Failure   Level
a - Blink                 Tloc           N/A          32%         2

Your spell library contained the following spells:

 Spells                   Type           Power        Failure   Level
 Freeze                   Ice            0%           22%         1
 Magic Dart               Conj           0%           22%         1
 Summon Small Mammal      Summ           0%           22%         1
 Call Imp                 Summ           0%           32%         2
 Slow                     Hex            0%           32%         2
 Call Canine Familiar     Summ           0%           54%         3
 Conjure Flame            Conj/Fire      0%           54%         3
 Frozen Ramparts          Ice            0%           54%         3
 Mephitic Cloud           Conj/Pois/Air  0%           54%         3
 Ozocubu's Armour         Ice            0%           54%         3
 Summon Guardian Golem    Hex/Summ       0%           54%         3
 Hailstorm                Conj/Ice       0%           91%         4
 Summon Ice Beast         Ice/Summ       0%           91%         4
 Summon Lightning Spire   Summ/Air       0%           91%         4


Dungeon Overview and Level Annotations

Branches:
Dungeon (9/15)             Temple (0/1) D:7           Sewer (visited)
 Bailey (1/1)
   Lair: D:8-11         Orc: D:9-12

Altars:
Dithmenos
Elyvilon
Fedhas
Gozag
Makhleb
Okawaru
Qazlal
Uskayaw
Xom


Innate Abilities, Weirdness & Mutations

You are too large for most types of armour.
You have tough skin. (AC +1)
You have large cloven feet.
You have supernaturally acute eyesight. (SInv)
You are agile. (Dex +2)
You possess an exceptional clarity of mind.
Your body sometimes deteriorates upon taking damage.
Your muscles are strong. (Str +2)


Message History

Press: ? - help, Shift-Dir - straight line, f - orc knight
Aim: an orc knight, wielding a +0 broad axe and wearing a +0 ring mail (almost dead, 33% to evade)
The bolt of acid hits the orc knight!
The orc knight is splashed with acid.
The acid corrodes the orc knight!
You kill the orc knight!
The orc warrior hits you with a +0 war axe!!
* * * LOW HITPOINT WARNING * * *
Xom roars with laughter!
You feel your dexterity returning.
Unknown command.
Okay, then.
Blink to where?
Press: ? - help, Dir - move target
As you read the scroll of blinking, it crumbles to dust.
Evoke which item? (* to show all) (? for menu, Esc to quit)
Okay, then.
You feel better.
The orc warrior hits you with a +0 war axe!!
You die...
Xom is highly amused!

≈≈≈≈≈≈≈≈≈≈≈≈≈ ≈≈≈≈≈≈≈≈≈≈≈≈≈
≈≈≈≈≈≈≈≈≈≈≈≈≈ ≈≈≈≈≈≈≈≈≈≈≈≈≈
≈≈≈≈≈≈≈≈≈≈≈≈≈
≈≈≈≈≈≈†≈≈≈≈≈≈####
.............+@.#
#######+#######.o#+#
#...).#)......#....#
#....)).8.8.8.#.§).#≈≈≈≈
#+#####..)....######≈≈≈≈≈#
#...)#......#.≈≈≈≈≈≈#
#..#...)#......#.≈≈≈≈≈.######
#..#....#####''#.≈≈≈≈≈......#
#..#..).##....)#.≈≈≈≈≈......##


You could see an orc warrior (strong).

Vanquished Creatures
  An orc knight (Bailey)
  An orc sorcerer (Bailey)
  A black mamba (shapeshifter) (D:4)
  A kobold demonologist (Bailey)
  Eustachio (D:6)
  A sky beast (D:5)
  3 orc warriors (Bailey)
  A phantom (D:8)
  An eye of draining (shapeshifter) (D:2)
  4 ogres
  2 centaurs
  2 big kobolds
  4 bullfrogs
  2 scorpions (D:5)
  2 water moccasin skeletons
  6 wights
  An electric eel (Bailey)
  A quasit (D:6)
  2 bullfrog zombies
  7 hounds
  A centaur skeleton (D:4)
  A jelly (D:9)
  4 orc priests
  4 orc wizards
  A bullfrog skeleton (D:7)
  A gnoll shaman (D:9)
  An iguana (D:9)
  Natasha (twice) (D:2)
  A killer bee zombie (D:6)
  2 worker ants
  A worker ant zombie (D:6)
  8 gnolls
  7 adders
  3 shadow imps
  2 white imps
  2 adder skeletons (D:8)
  4 worms
  5 leopard geckos
  10 orcs
  13 giant cockroaches
  17 goblins
  10 hobgoblins
  9 jackals
  12 kobolds
  A quokka (D:6)
  2 ball pythons
  4 bats
  14 frilled lizards
  A leopard gecko skeleton (D:5)
  11 rats
198 creatures vanquished.

Vanquished Creatures (collateral kills)
  Pikel (D:6)
  2 lemures (D:6)
  An orc priest (D:2)
  An orc wizard (D:2)
  An iguana (D:6)
  Natasha (D:2)
  An adder skeleton (D:6)
  An orc (D:2)
  A bat (D:2)
  A goblin (D:2)
  A rat (D:2)
12 creatures vanquished.

Vanquished Creatures (others)
  2 wights (D:8)
  An adder skeleton (D:8)
  An orc (D:8)
  2 kobolds (D:8)
6 creatures vanquished.

Grand Total: 216 creatures vanquished

Notes
Turn   | Place    | Note
-------+----------+-------------------------------------------
     0 | D:1      | Kejsarherre the Ogre Chaos Knight began the quest for the
                  | Orb.
     0 | D:1      | Reached XP level 1. HP: 24/24 MP: 1/1
    45 | D:1      | XOM: silly message
   305 | D:1      | Reached XP level 2. HP: 24/33 MP: 2/2
   413 | D:1      | Reached skill level 3 in Maces & Flails
  1081 | D:2      | Noticed a shapeshifter
  1081 | D:2      | a goblin changed into a shapeshifter
  1081 | D:2      | Noticed an eye of draining
  1081 | D:2      | a shapeshifter changed into an eye of draining
  1084 | D:2      | XOM: summons friendly crimson imp
  1093 | D:2      | Reached XP level 3. HP: 40/40 MP: 0/3
  1093 | D:2      | Killed an eye of draining
  1094 | D:2      | Reached skill level 5 in Fighting
  1094 | D:2      | Reached skill level 4 in Maces & Flails
  1094 | D:2      | Reached XP level 4. HP: 50/50 MP: 0/4
  1166 | D:2      | Reached XP level 5. HP: 53/57 MP: 5/5
  1308 | D:2      | XOM: blink monster(s)
  1407 | D:2      | XOM: 10-stop teleportation journey
  1408 | D:2      | Noticed Natasha
  1409 | D:2      | XOM: cast spell 'Call Canine Familiar'
  1414 | D:2      | Killed Natasha
  1415 | D:2      | Reached skill level 1 in Spellcasting
  1772 | D:2      | Noticed Natasha
  1776 | D:2      | Killed Natasha
  1777 | D:2      | Reached XP level 6. HP: 67/67 MP: 8/8
  1814 | D:2      | Noticed Natasha
  1818 | D:2      | Killed Natasha
  1929 | D:3      | Learned a level 2 spell: Blink
  1962 | D:3      | Found an iron altar of Okawaru.
  2027 | D:3      | XOM: 1-stop teleportation journey
  2089 | D:3      | Found an opulent altar of Gozag.
  2089 | D:3      | Found a shimmering altar of Xom.
  2090 | D:3      | Found a hide-covered altar of Uskayaw.
  2185 | D:3      | Found a blossoming altar of Fedhas.
  2448 | D:3      | Found a shadowy altar of Dithmenos.
  2654 | D:4      | Reached skill level 5 in Maces & Flails
  2886 | D:4      | XOM: potion effect (invisibility)
  2896 | D:4      | Reached XP level 7. HP: 76/76 MP: 10/10
  2941 | D:4      | Found a shadowy altar of Dithmenos.
  3310 | D:4      | XOM: potion effect (haste)
  3312 | D:4      | Reached skill level 6 in Maces & Flails
  3312 | D:4      | Noticed a shapeshifter
  3312 | D:4      | an orc wizard changed into a shapeshifter
  3313 | D:4      | Noticed a black mamba
  3313 | D:4      | a shapeshifter changed into a black mamba
  3321 | D:4      | Killed a black mamba
  3322 | D:4      | Reached skill level 7 in Maces & Flails
  3322 | D:4      | Reached XP level 8. HP: 29/84 MP: 11/11
  3325 | D:4      | Gained mutation: You have a pair of small horns on your
                  | head. [potion of mutation]
  3325 | D:4      | Gained mutation: Your muscles are strong. (Str +2) [potion
                  | of mutation]
  3325 | D:4      | Gained mutation: Armour fits poorly on your strangely
                  | shaped body. [potion of mutation]
  3325 | D:4      | Gained mutation: You are agile. (Dex +2) [potion of
                  | mutation]
  3353 | D:5      | Entered Level 5 of the Dungeon
  3537 | D:5      | XOM: silly message
  3963 | D:4      | Reached skill level 8 in Maces & Flails
  4050 | D:4      | Found a white marble altar of Elyvilon.
  4192 | D:5      | XOM: confuse monster(s)
  4668 | D:5      | XOM: silly message
  4949 | D:5      | Found a burning altar of Makhleb.
  5087 | D:6      | Found a glowing drain.
  5096 | Sewer    | Entered a sewer
  5290 | Sewer    | XOM: cleaving
  5938 | D:6      | Noticed Eustachio
  5948 | D:6      | Killed Eustachio
  5949 | D:6      | Reached skill level 9 in Maces & Flails
  5949 | D:6      | Reached XP level 9. HP: 74/96 MP: 12/12
  6221 | D:6      | XOM: summons 9 friendly demons
  6222 | D:6      | Noticed Pikel
  6230 | D:6      | Killed Pikel
  6232 | D:6      | XOM: polymorph iron imp -> crimson imp
  6243 | D:6      | XOM: scenery: summon butterflies
  6489 | D:6      | XOM: god gift: scroll of noise
  6601 | D:6      | XOM: summons friendly crimson imp
  6695 | D:6      | XOM: 1-stop teleportation journey
  7112 | D:7      | Found a staircase to the Ecumenical Temple.
  7112 | D:7      | XOM: 4-stop teleportation journey
  7325 | D:7      | XOM: scenery: summon butterflies
  7327 | D:7      | Reached skill level 1 in Evocations
  7331 | D:7      | Reached skill level 10 in Maces & Flails
  7489 | D:7      | XOM: god gift: runed dire flail {god gift}
  7844 | D:8      | XOM: god gift: 8 atropa-tipped darts
  7927 | D:8      | XOM: cloud trail
  7960 | D:8      | XOM: divine lightning
  8428 | D:8      | XOM: cleaving
  8528 | D:8      | XOM: 4-stop teleportation journey
  9032 | D:8      | XOM: 2-stop teleportation journey
  9129 | D:8      | XOM: enchant monster (bad)
  9180 | D:8      | Found a stormy altar of Qazlal.
  9208 | D:8      | XOM: summons 6 friendly demons
  9223 | D:8      | XOM: destruction
  9734 | D:8      | XOM: give mutations
  9734 | D:8      | Gained mutation: You are somewhat resistant to further
                  | mutation. [Xom's grace]
  9734 | D:8      | Gained mutation: You have supernaturally acute eyesight.
                  | (SInv) [Xom's grace]
  9734 | D:8      | Gained mutation: You possess an exceptional clarity of
                  | mind. [Xom's grace]
  9734 | D:8      | Gained mutation: You have large cloven feet. [Xom's grace]
  9994 | D:8      | XOM: give mutations
  9994 | D:8      | Gained mutation: Your body sometimes deteriorates upon
                  | taking damage. [Xom's mischief]
  9994 | D:8      | Lost mutation: You are somewhat resistant to further
                  | mutation. [Xom's mischief]
 10046 | D:9      | XOM: blink monster(s)
 10056 | D:9      | Reached XP level 10. HP: 36/106 MP: 13/13
 10316 | D:9      | Found a flagged portal.
 10336 | D:9      | XOM: enchant monster (good)
 10579 | Bailey   | Entered a bailey
 10666 | Bailey   | Found an iron altar of Okawaru.
 10666 | Bailey   | Noticed an orc sorcerer
 10666 | Bailey   | Noticed a kobold demonologist
 10669 | Bailey   | Noticed a sixfirhy
 10670 | Bailey   | Killed a kobold demonologist
 10676 | Bailey   | Killed an orc sorcerer
 10677 | Bailey   | Reached skill level 11 in Maces & Flails
 10718 | Bailey   | XOM: give mutations
 10718 | Bailey   | Lost mutation: Armour fits poorly on your strangely shaped
                  | body. [Xom's mischief]
 10718 | Bailey   | Lost mutation: You have a pair of small horns on your head.
                  | [Xom's mischief]
 11042 | Bailey   | XOM: chaos upgrade
 11048 | Bailey   | XOM: confuse monster(s)
 11057 | Bailey   | Reached skill level 5 in Evocations
 11147 | Bailey   | XOM: 2-stop teleportation journey
 11148 | Bailey   | Noticed an orc knight
 11153 | Bailey   | Killed an orc knight
 11153 | Bailey   | HP: 1/106 [orc warrior/+0 war axe (21)]
 11155 | Bailey   | Demolished by an orc warrior

Illustrated notes

Levels and vault maps discovered:
D:1:      grunt_arrival_lava_bath, layout_loops_corners
D:2:      layout_rooms, wad_floor_pattern_2, kennysheep_cross_bottleneck,
          uniq_natasha
D:3:      layout_loops_ring, lemuel_crystal_altar, old_standard_altar,
          lemuel_round_altar, gammafunk_temple_overflow_claw
D:4:      layout_layer_cave, lemuel_crystal_altar, grunt_dithmenos_smoke
D:5:      layout_cave_pools, makhleb_heckhound_becter
D:6:      cheibrodos_quashed, layout_basic, cheibrodos_sewer_entry_bend,
          uniq_eustachio, uniq_pikel
D:7:      layout_rooms, minmay_temple_entry_drinking_statues
D:8:      layout_basic, kennysheep_little_box, feat_on_display
D:9:      nicolae_whirlpool, layout_rooms, nicolae_ru_the_path_less_chosen,
          kennysheep_orc_monster_closet_entryway, enter_bailey_5
Bailey:   bailey_axe_of_yendor_kennysheep, bailey

Skill      XL: |  1  2  3  4  5  6  7  8  9 10 |
---------------+-------------------------------+-----
Maces & Flails | 3 4 5 7 9 10 11 | 11.5
Fighting       | 5 6 7 8 |  8.6
Spellcasting   | 1 2 |  2.3
Evocations     | 3 5 |  5.0
Dodging        | |  2.1

Action                   |  1- 3 |  4- 6 |  7- 9 | 10-12 || total
-------------------------+-------+-------+-------+-------++-------
Melee: Mace              |    63 |   151 |   191 |       ||   405
       Headbutt          |       |       |    53 |     9 ||    62
       Giant spiked club |       |       |   135 |    59 ||   194
       Kick              |       |       |     3 |    14 ||    17
Throw: Boomerang         |       |       |    14 |     3 ||    17
Evoke: Wand              |       |       |     2 |     6 ||     8
  Use: Scroll            |     3 |     1 |    19 |     2 ||    25
       Potion            |       |       |     5 |     3 ||     8
 Stab: Petrified         |     5 |       |     1 |       ||     6
       Petrifying        |     1 |       |       |       ||     1
       Invisible         |       |     2 |       |       ||     2
       Paralysed         |       |     1 |     1 |       ||     2
       Distracted        |       |       |     2 |       ||     2
       Sleeping          |       |       |       |     1 ||     1
Armor: Robe              |    19 |    72 |    82 |    16 ||   189
       Skin              |       |       |    37 |       ||    37
Dodge: Dodged            |    29 |    97 |   178 |    36 ||   340
